 Dungeon Crawl Stone Soup version 0.29.1-1-gd02db6906a (webtiles) character file.

Game seed: 12191507377741117330

94757 quakins the Skirmisher (level 16, -14/127 HPs)
             Began as a Gnoll Hunter on Oct 15, 2022.
             Was a High Priest of Okawaru.
             Demolished by a very large slime creature (44 damage)
             ... on level 15 of the Dungeon on Oct 16, 2022.
             The game lasted 02:10:35 (29084 turns).

quakins the Skirmisher (Gnoll Hunter)              Turns: 29084, Time: 02:10:35

Health: -14/127    AC: 28    Str: 27      XL:     16   Next: 12%
Magic:  0/31       EV: 23    Int: 11 (12) God:    Okawaru [*****.]
Gold:   1921       SH:  0    Dex: 27      Spells: 24/37 levels left

rFire   + . .      SeeInvis +   x - +0 arbalest
rCold   + + .      Faith    .   (shield currently unavailable)
rNeg    . . .      Spirit   +   T - +2 chain mail {rPois}
rPois   +          Reflect  .   Z - +2 hat of Toxekam {Regen+}
rElec   +          Harm     .   E - +5 cloak "Mifeme" {rF+ rC++ Str+4 Stlth+}
rCorr   .          Rampage  .   w - +1 pair of gloves
Will    +....                   d - +0 pair of boots
Stlth   +++++.....              v - amulet of guardian spirit
HPRegen 1.11/turn               h - +6 ring of strength
MPRegen 0.22/turn               y - ring "Otogawam" {rElec Str+5 Int+2 Dex+6 SInv}

@: heroic
A: fangs 1, strong nose, distributed training
a: Renounce Religion, Heroism, Finesse, Duel


You were on level 15 of the Dungeon.
You worshipped Okawaru.
Okawaru was extremely pleased with you.
You visited 3 branches of the dungeon, and saw 21 of its levels.
You also visited: Ossuary.

You collected 3115 gold pieces.
You spent 1194 gold pieces at shops.

Inventory:

Hand Weapons
 x - a +0 arbalest (weapon)
Missiles
 k - 10 silver boomerangs
 p - 47 poisoned darts
 A - 26 atropa-tipped darts
 P - 5 silver javelins
 W - 3 curare-tipped darts
 X - 2 datura-tipped darts
Armour
 d - a +0 pair of boots (worn)
 g - the +0 mask of the Dragon {Will+ Slay+3 SInv}
   (You acquired it on level 7 of the Dungeon)

   Slay:      It affects your accuracy & damage with ranged weapons and melee
   (+3).
   SInv:      It lets you see invisible.
   Will:      It increases your willpower.
 w - a +1 pair of gloves (worn)
 E - the +5 cloak "Mifeme" (worn) {rF+ rC++ Str+4 Stlth+}
   (You found it on level 5 of the Dungeon)

   Str:       It affects your strength (+4).
   rF:        It protects you from fire.
   rC:        It greatly protects you from cold.
   Stlth:     It makes you more stealthy.
 T - a +2 chain mail of poison resistance (worn)
 Z - the +2 hat of Toxekam (worn) {Regen+}
   (Okawaru gifted it to you on level 10 of the Dungeon)

   Regen:     It increases your rate of health regeneration.
Jewellery
 h - a +6 ring of strength (left hand)
 v - an amulet of guardian spirit (around neck)
 y - the ring "Otogawam" (right hand) {rElec Str+5 Int+2 Dex+6 SInv}
   (You acquired it on level 4 of the Lair of Beasts)

   [ring of dexterity]

   Str:       It affects your strength (+5).
   Int:       It affects your intelligence (+2).
   Dex:       It affects your dexterity (+6).
   rElec:     It insulates you from electricity.
   SInv:      It lets you see invisible.
 C - a ring of positive energy
 U - an amulet of the acrobat
 Y - a ring of fire
Wands
 B - a wand of paralysis (7)
 G - a wand of quicksilver (8)
 J - a wand of roots (8)
 Q - a wand of flame (24)
 R - a wand of mindburst (25)
Scrolls
 b - 4 scrolls of immolation
 i - 4 scrolls of brand weapon
 l - 4 scrolls of blinking
 m - 6 scrolls of amnesia
 n - a scroll of poison
 q - 6 scrolls of magic mapping
 s - 3 scrolls of fear
 z - 5 scrolls of enchant weapon
 I - a scroll of identify
 K - 3 scrolls of teleportation
 S - a scroll of enchant armour
Potions
 a - a potion of berserk rage
 c - a potion of cancellation {unknown}
 e - 8 potions of ambrosia
 f - 2 potions of heal wounds
 o - 6 potions of curing
 r - 5 potions of haste
 u - 3 potions of flight
 D - 2 potions of invisibility
 F - 2 potions of mutation {unknown}
 H - a potion of magic {unknown}
 L - a potion of experience {unknown}
 M - 3 potions of might {unknown}
 N - a potion of brilliance
 O - 2 potions of resistance
 V - 2 potions of lignification {unknown}
Miscellaneous
 j - a phial of floods
 t - a lightning rod (4/4)


   Skills:
 + Level 11.9(16.9) Fighting
 + Level 11.0(16.0) Short Blades
 + Level 11.0(16.0) Long Blades
 + Level 11.0(16.0) Axes
 + Level 11.0(16.0) Maces & Flails
 + Level 11.0(16.0) Polearms
 + Level 11.0(16.0) Staves
 + Level 13.7(18.7) Ranged Weapons
 + Level 11.0(16.0) Throwing
 + Level 11.0(16.0) Armour
 + Level 11.9(16.9) Dodging
 + Level 11.3(16.3) Stealth
 + Level 11.0(16.0) Shields
 + Level 11.0(16.0) Unarmed Combat
 + Level 11.0 Spellcasting
 + Level 9.3 Conjurations
 + Level 9.3 Hexes
 + Level 9.3 Summonings
 + Level 9.3 Necromancy
 + Level 9.3 Translocations
 + Level 9.3 Transmutations
 + Level 9.3 Fire Magic
 + Level 9.3 Ice Magic
 + Level 9.3 Air Magic
 + Level 9.3 Earth Magic
 + Level 9.3 Poison Magic
 + Level 12.0 Invocations
 + Level 11.0 Evocations


You had 24 spell levels left.
You knew the following spells:

 Your Spells              Type           Power      Damage    Failure   Level
a - Wereblood             Tmut           26%        N/A       1%          2
b - Poisonous Vapours     Pois/Air       52%        N/A       1%          2
c - Portal Projectile     Hex/Tloc       52%        N/A       2%          3
d - Swiftness             Air            26%        N/A       2%          3
e - Teleport Other        Tloc           26%        N/A       2%          3

Your spell library contained the following spells:

 Spells                   Type           Power      Damage    Failure   Level
 Beastly Appendage        Tmut           52%        N/A       1%          1
 Freeze                   Ice            100%       1d11      1%          1
 Magic Dart               Conj           100%       1d8       1%          1
 Shock                    Conj/Air       100%       1d9       1%          1
 Sting                    Tmut/Pois      100%       1d8       1%          1
 Searing Ray              Conj           52%        2d6       1%          2
 Confusing Touch          Hex            26%        N/A       2%          3
 Gell's Gravitas          Tloc           26%        N/A       2%          3
 Ignite Poison            Fire/Tmut/Pois 26%        N/A       2%          3
 Lesser Beckoning         Tloc           26%        N/A       2%          3
 Mephitic Cloud           Conj/Pois/Air  26%        N/A       2%          3
 Spider Form              Tmut/Pois      26%        N/A       2%          3
 Stone Arrow              Conj/Erth      52%        3d10      2%          3
 Airstrike                Air            13%        2d(2-18)  9%          4
 Corpse Rot               Necr/Pois/Air  26%        N/A       9%          4
 Dispel Undead            Necr           26%        3d13      9%          4
 Fulminant Prism          Conj/Hex       13%        3d9       9%          4
 Olgreb's Toxic Radiance  Pois           26%        N/A       9%          4
 Alistair's Intoxication  Tmut/Pois      17%        N/A       24%         5
 Blade Hands              Tmut           13%        N/A       24%         5
 Borgnjor's Vile Clutch   Necr/Erth      13%        N/A       24%         5
 Freezing Cloud           Conj/Ice/Air   13%        6-21      24%         5
 Irradiate                Conj/Tmut      13%        3d16      24%         5
 Metabolic Englaciation   Hex/Ice        13%        N/A       24%         5
 Yara's Violent Unravell  Hex/Tmut       13%        3d7       24%         5
 Conjure Ball Lightning   Conj/Air       13%        3x3d6     80%         6
 Eringya's Noxious Bog    Tmut/Pois      13%        N/A       80%         6
 Dragon Form              Tmut           13%        N/A       100%        7
 Enfeeble                 Hex            13%        N/A       100%        7
 Orb of Destruction       Conj           13%        9d7       100%        7
 Discord                  Hex            13%        N/A       100%        8
 Disjunction              Tloc           13%        N/A       100%        8
 Lehudib's Crystal Spear  Conj/Erth      13%        10d4      100%        8
 Summon Guardian Golem    Hex/Summ       Unusable   N/A       N/A         3
 Tukima's Dance           Hex            Unusable   N/A       N/A         3
 Animate Armour           Summ/Erth      Unusable   N/A       N/A         4
 Death Channel            Necr           Unusable   N/A       N/A         6
 Spellforged Servitor     Conj/Summ      Unusable   N/A       N/A         7

Dungeon Overview and Level Annotations

Branches:
Dungeon (15/15)            Temple (1/1) D:6            Lair (5/5) D:8
 Shoals (0/4) Lair:3        Snake (0/4) Lair:2        Slime (0/5) Lair:4
    Orc (0/2) D:11         Vaults (0/5) D:14        Ossuary (visited)
 Depths: D:15

Altars:
Ashenzari
Cheibriados
Dithmenos
Elyvilon
Fedhas
Gozag
Hepliaklqana
Kikubaaqudgha
Makhleb
Nemelex Xobeh
Okawaru
Qazlal
Ru
Sif Muna
Trog
Uskayaw
Vehumet
Wu Jian
Xom
Yredelemnul
Zin
The Shining One
Jiyva

Shops:
D:9 [   D:10 *   D:11 *


Innate Abilities, Weirdness & Mutations

You have very sharp teeth.
Your uncanny sense of smell can sniff out nearby items.
Your experience applies equally to all skills.


Message History

You shoot a bolt.
The bolt hits the very large slime creature but does no damage.
The very large slime creature is severely wounded.
The very large slime creature hits you!
* * * LOW HITPOINT WARNING * * *
The slime creature completely misses you.
Fire: x) +0 arbalest
Press: ? - help, Q - select action, (/) - cycle Shift-Dir - straight line, f/p - very large slime creature
Aim: a very large slime creature (severely wounded, 88% to hit)
You shoot a bolt.
The bolt barely misses the very large slime creature.
The very large slime creature completely misses you.
The slime creature hits you but does no damage.
Fire: x) +0 arbalest
Press: ? - help, Q - select action, (/) - cycle Shift-Dir - straight line, f/p - very large slime creature
Aim: a very large slime creature (severely wounded, 88% to hit)
You shoot a bolt.
The bolt hits the very large slime creature!
The very large slime creature is severely wounded.
The very large slime creature hits you but does no damage.
The slime creature hits you!
* * * LOW HITPOINT WARNING * * *
Fire: x) +0 arbalest
Press: ? - help, Q - select action, (/) - cycle Shift-Dir - straight line, f/p - very large slime creature
Aim: a very large slime creature (severely wounded, 88% to hit)
You shoot a bolt.
The bolt hits the very large slime creature!!
The very large slime creature is almost dead.
The very large slime creature hits you but does no damage.
The slime creature closely misses you.
The very large slime creature misses you.
Fire: x) +0 arbalest
Press: ? - help, Q - select action, (/) - cycle Shift-Dir - straight line, f/p - very large slime creature
Aim: a very large slime creature (almost dead, 88% to hit)
You shoot a bolt.
The bolt hits the very large slime creature.
The very large slime creature is almost dead.
The slime creature closely misses you.
The very large slime creature hits you!!!
You die...

##....####... ##..........
#####...........
##.##............
##...........).... #####
####..........J..##..
##...####..##..##.##..###y...
#......#...##J.#...#### ###..
##......)...@J.##..# .##.
#####.............##.# ...#.
##..##............#...## .. #.
##.................#....# .. ##
.##....................####. ##.
................##.....#... ###..
.....##..........#)[...#J.###....
.#.....##.#...####.....##.##..#..
.........##....###.....#.....###.


You could see a very large slime creature and a slime creature.

Vanquished Creatures
  Gastronok (Arena)
  Kirke (Arena)
  A very ugly thing (D:15)
  Azrael (D:13)
  Snorg (D:10)
  An ettin (D:14)
  Josephine (D:12)
  A fire dragon (D:14)
  Fannar (D:12)
  14 hydras
  2 boulder beetles
  A rakshasa (D:15)
  Erica (D:11)
  5 two-headed ogres
  4 centaur warriors
  A tengu warrior (D:14)
  4 death yaks (Lair:4)
  Urug (Lair:5)
  The ghost of Du3lingdragon the Cleaver, a novice TeFi of Ru (D:9)
  12 skeletal warriors
  2 goliath frogs (Lair:5)
  A glowing orange brain (D:15)
  An orc knight (D:13)
  3 deep elf pyromancers
  A wizard (D:15)
  A necromancer (D:14)
  6 ugly things
  5 cyclopes
  3 manticores
  9 black mambas
  35 cane toads
  3 gargoyles
  An unseen horror (D:10)
  An unseen horror (shapeshifter) (D:15)
  2 rime drakes
  14 komodo dragons
  An efreet (D:14)
  A tengu conjurer (D:14)
  A queen bee (D:11)
  A meliai (shapeshifter) (D:15)
  2 polar bears
  3 trolls
  A hornet (D:8)
  11 slime creatures
  16 blink frogs
  3 tyrant leeches (Lair:4)
  A snapping turtle (Lair:3)
  6 dream sheep (Lair:4)
  43 yaks
  7 wraiths
  A vampire (D:7)
  9 basilisks
  3 wyverns
  6 humans
  A hog (Lair:4)
  2 fire elementals (D:13)
  2 steam dragons
  3 wargs (D:11)
  13 vampire mosquitoes
  2 nagas (Lair:2)
  14 water moccasins
  2 acid dragons
  3 hell hounds (D:13)
  3 orc warriors
  2 swamp drakes
  A sky beast (D:6)
  3 ice beasts
  6 black bears
  3 wolves (Lair:3)
  7 ogres
  3 boggarts (D:14)
  15 centaurs
  2 phantoms
  A gnoll sergeant (D:6)
  2 kobold brigands
  4 scorpions
  18 bullfrogs
  A necrophage (D:5)
  17 wights
  51 killer bees
  5 howler monkeys
  An electric eel (Lair:2)
  3 jellies
  2 gnoll boudas
  16 orc priests
  7 hounds
  9 orc wizards
  4 iguanas
  13 hell rats
  8 mummies (Ossuary)
  20 gnolls
  8 adders
  5 white imps
  An ufetubus (D:6)
  2 worms
  5 dart slugs
  29 orcs
  9 ball pythons
  5 endoplasms
  6 giant cockroaches
  8 goblins
  7 hobgoblins
  3 jackals (D:2)
  6 quokkas
  4 bats
  A frilled lizard (D:1)
  4 hobgoblin zombies (Ossuary)
  13 kobolds
  2 kobold zombies (Ossuary)
  2 orc zombies (Ossuary)
  6 rats
654 creatures vanquished.

Vanquished Creatures (others)
  A howler monkey (D:7)
  35 fungi
  85 plants
121 creatures vanquished.

Grand Total: 775 creatures vanquished

Notes
Turn   | Place    | Note
-------+----------+-------------------------------------------
     0 | D:1      | quakins the Gnoll Hunter began the quest for the Orb.
     0 | D:1      | Reached XP level 1. HP: 20/20 MP: 1/1
   122 | D:1      | Reached XP level 2. HP: 26/26 MP: 2/2
   122 | D:1      | Found a faded altar of an unknown god.
   139 | D:1      | Prayed at the altar of an unknown god.
   139 | D:1      | Became a worshipper of Warmaster Okawaru
   139 | D:1      | Reached * piety under Okawaru
   574 | D:1      | Reached XP level 3. HP: 31/31 MP: 3/3
   660 | D:1      | Reached skill level 1 in Invocations
  1097 | D:2      | Reached skill level 1 in Short Blades
  1097 | D:2      | Reached skill level 1 in Long Blades
  1097 | D:2      | Reached skill level 1 in Axes
  1097 | D:2      | Reached skill level 1 in Maces & Flails
  1097 | D:2      | Reached skill level 1 in Polearms
  1097 | D:2      | Reached skill level 1 in Staves
  1097 | D:2      | Reached skill level 1 in Throwing
  1097 | D:2      | Reached skill level 1 in Armour
  1097 | D:2      | Reached skill level 1 in Shields
  1097 | D:2      | Reached skill level 1 in Unarmed Combat
  1097 | D:2      | Reached skill level 1 in Spellcasting
  1097 | D:2      | Reached skill level 1 in Evocations
  1106 | D:2      | Reached XP level 4. HP: 21/38 MP: 2/5
  1113 | D:2      | Reached skill level 1 in Conjurations
  1113 | D:2      | Reached skill level 1 in Hexes
  1113 | D:2      | Reached skill level 1 in Summonings
  1113 | D:2      | Reached skill level 1 in Necromancy
  1113 | D:2      | Reached skill level 1 in Translocations
  1113 | D:2      | Reached skill level 1 in Transmutations
  1113 | D:2      | Reached skill level 1 in Fire Magic
  1113 | D:2      | Reached skill level 1 in Ice Magic
  1113 | D:2      | Reached skill level 1 in Air Magic
  1113 | D:2      | Reached skill level 1 in Earth Magic
  1113 | D:2      | Reached skill level 1 in Poison Magic
  2070 | D:3      | Reached XP level 5. HP: 43/43 MP: 7/7
  2169 | D:3      | Found a broken altar of Ashenzari.
  2884 | D:4      | Noticed an ogre
  2903 | D:4      | Killed an ogre
  2932 | D:4      | Reached XP level 6. HP: 38/50 MP: 8/8
  3161 | D:4      | Reached skill level 5 in Fighting
  3161 | D:4      | Reached skill level 5 in Dodging
  3247 | D:4      | Identified the +1 robe "Plog" {rPois Int+2}
  3253 | D:4      | Noticed a black bear
  3268 | D:4      | Killed a black bear
  3399 | D:4      | Found a glowing silver altar of Zin.
  3465 | D:4      | Found a hazy altar of Hepliaklqana.
  3465 | D:4      | Found an ancient bone altar of Kikubaaqudgha.
  3482 | D:4      | Found a radiant altar of Vehumet.
  3482 | D:4      | Found a basalt altar of Yredelemnul.
  3483 | D:4      | Found a burning altar of Makhleb.
  3560 | D:4      | Identified the +0 leather armour "Cibynadd" {rF+ Int+2}
  3728 | D:5      | Entered Level 5 of the Dungeon
  3733 | D:5      | Found a sand-covered staircase.
  3740 | Ossuary  | Entered an ossuary
  3762 | Ossuary  | Reached XP level 7. HP: 56/56 MP: 10/10
  4215 | D:5      | Reached ** piety under Okawaru
  4300 | D:5      | Reached skill level 9 in Ranged Weapons
  4474 | D:5      | Reached XP level 8. HP: 63/63 MP: 12/12
  4512 | D:5      | Identified the +5 cloak "Mifeme" {rF+ rC++ Str+4 Stlth+}
  4940 | D:5      | Reached *** piety under Okawaru
  5343 | D:6      | Reached XP level 9. HP: 69/69 MP: 11/14
  5410 | D:6      | Found a staircase to the Ecumenical Temple.
  5498 | Temple   | Entered the Ecumenical Temple
  6052 | D:6      | Reached skill level 5 in Stealth
  6519 | D:6      | Found a blossoming altar of Fedhas.
  6519 | D:6      | Found a sacrificial altar of Ru.
  6566 | D:6      | Reached skill level 5 in Invocations
  7496 | D:7      | Reached **** piety under Okawaru
  7636 | D:7      | Reached skill level 5 in Short Blades
  7636 | D:7      | Reached skill level 5 in Long Blades
  7636 | D:7      | Reached skill level 5 in Axes
  7636 | D:7      | Reached skill level 5 in Maces & Flails
  7636 | D:7      | Reached skill level 5 in Polearms
  7636 | D:7      | Reached skill level 5 in Staves
  7636 | D:7      | Reached skill level 5 in Throwing
  7636 | D:7      | Reached skill level 5 in Armour
  7636 | D:7      | Reached skill level 5 in Shields
  7636 | D:7      | Reached skill level 5 in Unarmed Combat
  7636 | D:7      | Reached skill level 5 in Spellcasting
  7636 | D:7      | Reached skill level 5 in Evocations
  7636 | D:7      | Reached XP level 10. HP: 58/77 MP: 12/17
  7650 | D:7      | Reached skill level 10 in Ranged Weapons
  8067 | D:7      | Received a gift from Okawaru
  8275 | D:7      | Identified a scroll of acquirement
  8275 | D:7      | Acquired the +0 mask of the Dragon {Will+ Slay+3 SInv}
  8275 | D:7      | Found the +0 mask of the Dragon {Will+ Slay+3 SInv}
  8546 | D:7      | Noticed a boulder beetle
  8554 | D:7      | Killed a boulder beetle
  8605 | D:7      | Noticed a two-headed ogre
  8619 | D:7      | Killed a two-headed ogre
  8619 | D:7      | Reached ***** piety under Okawaru
  8619 | D:7      | Received a gift from Okawaru
  8625 | D:7      | Noticed a cyclops
  8635 | D:7      | Killed a cyclops
  8636 | D:7      | Reached skill level 5 in Conjurations
  8636 | D:7      | Reached skill level 5 in Hexes
  8636 | D:7      | Reached skill level 5 in Summonings
  8636 | D:7      | Reached skill level 5 in Necromancy
  8636 | D:7      | Reached skill level 5 in Translocations
  8636 | D:7      | Reached skill level 5 in Transmutations
  8636 | D:7      | Reached skill level 5 in Fire Magic
  8636 | D:7      | Reached skill level 5 in Ice Magic
  8636 | D:7      | Reached skill level 5 in Air Magic
  8636 | D:7      | Reached skill level 5 in Earth Magic
  8636 | D:7      | Reached skill level 5 in Poison Magic
  8636 | D:7      | Reached XP level 11. HP: 69/85 MP: 17/20
  8651 | D:7      | Noticed a cyclops
  8660 | D:7      | Killed a cyclops
  8711 | D:7      | Learned a level 2 spell: Wereblood
  8714 | D:7      | Learned a level 2 spell: Poisonous Vapours
  8718 | D:7      | Learned a level 3 spell: Portal Projectile
  8876 | D:8      | Found a staircase to the Lair.
 10999 | D:9      | Received a gift from Okawaru
 11255 | D:9      | Found a runed translucent door.
 11258 | D:9      | Noticed Du3lingdragon's ghost (novice TeFi)
 11358 | D:9      | Found an ornate altar of the Wu Jian Council.
 11511 | D:9      | Found Duaf's Armour Boutique.
 11912 | D:9      | Killed Du3lingdragon's ghost
 11912 | D:9      | Received a gift from Okawaru
 12521 | D:10     | Entered Level 10 of the Dungeon
 12738 | D:10     | Identified the +1 scale mail "Osyidera" {rPois rC+ Will+}
 12790 | D:10     | Noticed a two-headed ogre
 12803 | D:10     | Killed a two-headed ogre
 12804 | D:10     | Reached skill level 11 in Ranged Weapons
 13108 | D:10     | Noticed Snorg
 13122 | D:10     | Killed Snorg
 13122 | D:10     | Identified the +2 hat of Toxekam {Regen+} (Okawaru gifted
                  | it to you on level 10 of the Dungeon)
 13122 | D:10     | Received a gift from Okawaru
 13182 | D:10     | Found Bodiycek's Gadget Gallery.
 13188 | D:10     | Acquired 805 gold pieces
 13206 | D:10     | Bought a wand of roots (4) for 144 gold pieces
 13206 | D:10     | Bought a phial of floods for 600 gold pieces
 13206 | D:10     | Bought a lightning rod (4/4) for 450 gold pieces
 13225 | D:10     | Reached XP level 12. HP: 93/94 MP: 20/22
 13345 | D:10     | Noticed a two-headed ogre
 13354 | D:10     | Killed a two-headed ogre
 13812 | D:11     | Noticed Erica
 14866 | Lair:1   | Entered Level 1 of the Lair of Beasts
 15304 | Lair:1   | Noticed a four-headed hydra
 15336 | Lair:1   | Killed a four-headed hydra
 15436 | Lair:1   | Received a gift from Okawaru
 15771 | Lair:1   | Reached XP level 13. HP: 80/101 MP: 17/25
 16707 | Lair:1   | Received a gift from Okawaru
 17218 | Lair:2   | Found a staircase to the Snake Pit.
 17234 | Lair:2   | Reached skill level 12 in Ranged Weapons
 17255 | Lair:2   | Received a gift from Okawaru
 17448 | Lair:2   | Received a gift from Okawaru
 18276 | Lair:3   | Reached skill level 10 in Fighting
 18276 | Lair:3   | Reached skill level 10 in Dodging
 18448 | Lair:3   | Received a gift from Okawaru
 18517 | Lair:3   | Found a staircase to the Shoals.
 18747 | Lair:3   | Received a gift from Okawaru
 19194 | Lair:3   | Noticed Gastronok
 19195 | Arena    | Entered the Arena
 19215 | Arena    | Killed Gastronok
 19775 | Lair:3   | Learned a level 3 spell: Swiftness
 19779 | Lair:3   | Learned a level 3 spell: Teleport Other
 19861 | Lair:3   | Reached skill level 10 in Invocations
 19861 | Lair:3   | Reached XP level 14. HP: 36/110 MP: 2/27
 20258 | Lair:4   | Found a staircase to the Slime Pits.
 20258 | Lair:4   | Found a viscous altar of Jiyva.
 20448 | Lair:4   | Received a gift from Okawaru
 20471 | Lair:5   | Entered Level 5 of the Lair of Beasts
 20609 | Lair:4   | Acquired the ring "Otogawam" {rElec Str+5 Int+2 Dex+6 SInv}
 20953 | Lair:4   | Received a gift from Okawaru
 21047 | Lair:4   | Received a gift from Okawaru
 21085 | Lair:4   | HP: 4/111 [death yak (13)]
 21500 | Lair:4   | Received a gift from Okawaru
 21557 | Lair:5   | Noticed Kirke
 21639 | Lair:5   | Reached skill level 10 in Stealth
 21885 | Arena    | Entered the Arena
 21912 | Arena    | Killed Kirke
 23062 | Lair:5   | Reached skill level 10 in Short Blades
 23062 | Lair:5   | Reached skill level 10 in Long Blades
 23062 | Lair:5   | Reached skill level 10 in Axes
 23062 | Lair:5   | Reached skill level 10 in Maces & Flails
 23062 | Lair:5   | Reached skill level 10 in Polearms
 23062 | Lair:5   | Reached skill level 10 in Staves
 23062 | Lair:5   | Reached skill level 10 in Throwing
 23062 | Lair:5   | Reached skill level 10 in Armour
 23062 | Lair:5   | Reached skill level 10 in Shields
 23062 | Lair:5   | Reached skill level 10 in Unarmed Combat
 23062 | Lair:5   | Reached skill level 10 in Spellcasting
 23062 | Lair:5   | Reached skill level 10 in Evocations
 23152 | Lair:4   | Received a gift from Okawaru
 23225 | Lair:4   | Reached skill level 13 in Ranged Weapons
 23419 | Lair:5   | Received a gift from Okawaru
 23420 | Lair:5   | Reached XP level 15. HP: 107/118 MP: 25/29
 23697 | Lair:5   | Noticed Urug
 23713 | Lair:5   | Killed Urug
 23724 | Lair:5   | Got Pantoure's Quarto of Hoarfrost
 24251 | D:11     | Killed Erica
 24360 | D:11     | Found a staircase to the Orcish Mines.
 24548 | D:11     | Found Witeb's Changing Room.
 24852 | D:12     | Noticed Josephine
 24873 | D:12     | Killed Josephine
 25056 | D:12     | Noticed Fannar
 25083 | D:12     | Killed Fannar
 25083 | D:12     | Received a gift from Okawaru
 26207 | D:13     | Noticed Azrael
 26246 | D:13     | Killed Azrael
 26246 | D:13     | Received a gift from Okawaru
 26616 | D:13     | Paralysed by an ogre mage for 5 turns
 26833 | D:14     | Received a gift from Okawaru
 27448 | D:14     | Received a gift from Okawaru
 27607 | D:14     | Found a gate to the Vaults.
 27793 | D:15     | Entered Level 15 of the Dungeon
 28574 | D:15     | Received a gift from Okawaru
 28598 | D:15     | Reached XP level 16. HP: 106/127 MP: 24/30
 29084 | D:15     | Demolished by a very large slime creature

Illustrated notes

Levels and vault maps discovered:
D:1:      sevenhm_arrival_forest_fort_small_5, layout_loops_ring,
          chequers_ecumenical_altar_island
D:2:      minmay_chambers_of_ones, layout_basic, kennysheep_generic_room_7
D:3:      layout_rooms, nicolae_overflow_crystal_walls, serial_aquarium,
          aquarium_bridge_square [aquarium_subvault_wall,
          aquarium_subvault_bridge, aquarium_subvault_bridge,
          aquarium_subvault_window], aquarium_bridge_square
          [aquarium_subvault_bridge, aquarium_subvault_wall,
          aquarium_subvault_balcony, aquarium_subvault_wall], aquarium_window_1,
          aquarium_window_corridor_1, aquarium_window_2, aquarium_window_1,
          aquarium_view_2b, aquarium_view_2d, aquarium_pool_side
D:4:      layout_basic, lemuel_round_altar, grunt_temple_overflow_open
D:5:      minmay_bubble_buster, layout_loops_cross,
          nicolae_ossuary_entry_monument, serial_glass, glass_columns_a,
          glass_columns_c, glass_columns_a, glass_columns_a, glass_columns_a,
          glass_columns_a, glass_columns_b, glass_columns_b, glass_columns_a,
          glass_columns_c, glass_columns_a, glass_columns_b, glass_columns_a,
          glass_columns_a
D:6:      layout_gridville, jmf_multi_god_temple, minmay_temple_entry_tees,
          grunt_decor_one_mirror
D:7:      layout_cave_pools, minmay_the_grid_2x2 [minmay_the_grid_mess,
          minmay_the_grid_diamond_grid, minmay_the_grid_rooms,
          minmay_the_grid_prize_four_corners]
D:8:      layout_loops_ring, lair_entry_dummy
D:9:      layout_basic, nzn_wu_jian_contemplation, serial_shops,
          nicolae_stop_n_shop_1, ebering_ghost_reflecting_pool
D:10:     layout_long_grid, nicolae_shop_gadgets, uniq_snorg
D:11:     layout_small_grid, minmay_orc_entry_guard_dogs,
          gauntlet_entry_generic, special_room [special_room_bee],
          nicolae_transmutations_shop, uniq_erica
D:12:     layout_stronghold, nicolae_figureground_pulse, uniq_fannar,
          uniq_josephine
D:13:     evilmike_diamond_2, layout_cave_pods, uniq_azrael
D:14:     layout_irregular_city, david_vaults_4, infiniplex_staircase_zigzag_5
D:15:     gammafunk_enter_depths_forms, layout_cave_pools,
          hangedman_decor_lopped
Temple:   nicolae_temple_godzebo
Lair:1:   layout_cave_shapes, hangedman_lair_generics_rect, lemuel_fruit_tree
Lair:2:   layout_misc_corridors, guppyfry_snake_entry_garden, pond,
          serial_bayou_shore_a
Lair:3:   layout_cave_shapes, minmay_shoals_entry_hut, uniq_gastronok
Lair:4:   layout_concentric_octagons, minmay_slime_entry_pillars,
          beast_lair_carwin_7, grunt_megastairs_2
Lair:5:   minmay_lair_end_frog_pond, layout_cave_shapes, uniq_urug, uniq_kirke

Skill      XL: |  1  2  3  4  5  6  7  8  9 10 11 12 13 14 15 16 |
---------------+-------------------------------------------------+-----
Invocations    | 1 2 3 4 5 6 7 8 10 11 12 | 12.0
Short Blades   | 1 2 3 5 6 7 8 9 10 11 | 11.0
Long Blades    | 1 2 3 5 6 7 8 9 10 11 | 11.0
Axes           | 1 2 3 5 6 7 8 9 10 11 | 11.0
Maces & Flails | 1 2 3 5 6 7 8 9 10 11 | 11.0
Polearms       | 1 2 3 5 6 7 8 9 10 11 | 11.0
Staves         | 1 2 3 5 6 7 8 9 10 11 | 11.0
Throwing       | 1 2 3 5 6 7 8 9 10 11 | 11.0
Armour         | 1 2 3 5 6 7 8 9 10 11 | 11.0
Shields        | 1 2 3 5 6 7 8 9 10 11 | 11.0
Unarmed Combat | 1 2 3 5 6 7 8 9 10 11 | 11.0
Spellcasting   | 1 2 3 5 6 7 8 9 10 11 | 11.0
Evocations     | 1 2 3 5 6 7 8 9 10 11 | 11.0
Conjurations   | 1 2 3 4 5 6 7 8 9 |  9.3
Hexes          | 1 2 3 4 5 6 7 8 9 |  9.3
Summonings     | 1 2 3 4 5 6 7 8 9 |  9.3
Necromancy     | 1 2 3 4 5 6 7 8 9 |  9.3
Translocations | 1 2 3 4 5 6 7 8 9 |  9.3
Transmutations | 1 2 3 4 5 6 7 8 9 |  9.3
Fire Magic     | 1 2 3 4 5 6 7 8 9 |  9.3
Ice Magic      | 1 2 3 4 5 6 7 8 9 |  9.3
Air Magic      | 1 2 3 4 5 6 7 8 9 |  9.3
Earth Magic    | 1 2 3 4 5 6 7 8 9 |  9.3
Poison Magic   | 1 2 3 4 5 6 7 8 9 |  9.3
Stealth        | 3 4 5 6 7 8 9 10 11 | 11.3
Fighting       | 5 6 7 8 9 10 11 | 11.9
Dodging        | 5 6 7 8 9 10 11 | 11.9
Ranged Weapons | 9 10 11 12 13 | 13.7

Action                   |  1- 3 |  4- 6 |  7- 9 | 10-12 | 13-15 | 16-18 || total
-------------------------+-------+-------+-------+-------+-------+-------++-------
Melee: Unarmed           |       |       |       |       |    14 |       ||    14
 Fire: Shortbow          |   105 |   173 |   511 |  1090 |  2246 |       ||  4125
       Arbalest          |       |       |       |       |   186 |    97 ||   283
Throw: Boomerang         |       |       |       |    17 |       |       ||    17
       Throwing net      |       |       |       |     2 |       |       ||     2
       Dart              |       |       |       |     1 |       |       ||     1
 Cast: Wereblood         |       |       |       |     3 |    10 |       ||    13
       Portal Projectile |       |       |       |     1 |     4 |       ||     5
Invok: Heroism           |     1 |     2 |     8 |    30 |    57 |     4 ||   102
       Finesse           |       |       |       |     4 |    13 |       ||    17
       Duel              |       |       |       |       |     2 |       ||     2
Evoke: Wand              |       |       |       |    22 |       |       ||    22
       Lightning rod     |       |       |       |     1 |       |       ||     1
       Phial of floods   |       |       |       |     1 |       |       ||     1
  Use: Scroll            |       |     3 |     3 |    11 |    16 |     1 ||    34
       Potion            |       |       |     1 |     1 |     7 |     1 ||    10
Armor: Leather armour    |     7 |     1 |       |       |       |       ||     8
       Ring mail         |       |    22 |   155 |   105 |       |       ||   282
       Troll leather arm |       |       |       |   100 |   287 |       ||   387
       Chain mail        |       |       |       |       |   642 |    35 ||   677
Dodge: Dodged            |    26 |    67 |   293 |   626 |  2278 |    91 ||  3381
